 Dungeon Crawl Stone Soup version 0.21-a0-110-g8e1637b (webtiles) character file.

193 Ordine the Poker (level 5, -1/38 HPs)
             Began as a Merfolk Skald on July 9, 2017.
             Killed by divine providence
             ... invoked by an orc priest
              (12 damage)
             ... on level 3 of the Dungeon.
             The game lasted 00:07:39 (2802 turns).

Ordine the Poker (Merfolk Skald)                    Turns: 2802, Time: 00:07:41

Health: -1/38      AC:  5    Str: 11    XL:     5   Next: 72%
Magic:  6/8        EV: 12    Int: 13    God:
Gold:   135        SH:  0    Dex: 14    Spells: 3/8 levels left

rFire    . . .     SeeInvis .   a - +1 spear
rCold    . . .     Gourm    .   (no shield)
rNeg     . . .     Faith    .   b - +0 leather armour
rPois    .         Spirit   .   (no helmet)
rElec    .         Reflect  .   (no cloak)
rCorr    .         Harm     .   j - +1 pair of gloves
MR       .....                  (no boots)
Stlth    +.........             (no amulet)
HPRegen  0.12/turn              (no ring)
MPRegen  0.11/turn              (no ring)

@: infused, singing
A: change form in water, swift swim, stealthy swim
a: no special abilities


You were on level 3 of the Dungeon.
You were very hungry.

You visited 1 branch of the dungeon, and saw 3 of its levels.

You collected 135 gold pieces.

Inventory:

Hand Weapons
 a - a +1 spear (weapon)
Armour
 b - a +0 leather armour (worn)
 j - a +1 pair of gloves (worn)
Wands
 f - a wand of disintegration (20/24)
Scrolls
 e - 2 scrolls of teleportation
Potions
 g - a potion of curing
 h - a potion of agility
 l - a potion of magic
 m - 2 potions of haste
 n - a potion of might
 p - a potion of brilliance
Books
 c - a book of Battle

   Spells                             Type                      Level
   a - Infusion                       Charms                       1
   b - Shroud of Golubria             Charms/Translocation         2
   c - Song of Slaying                Charms                       2
   d - Spectral Weapon                Hexes/Charms                 3
   e - Regeneration                   Charms/Necromancy            3
Miscellaneous
 q - a lightning rod (4/4)
Comestibles
 d - a bread ration
 k - 4 fruits
 o - a meat ration


   Skills:
 - Level 2.1 Fighting
 * Level 6.9 Polearms
 - Level 0.6 Armour
 - Level 2.6 Dodging
 - Level 2.0 Spellcasting
 + Level 4.8 Charms


You had 3 spell levels left.
You knew the following spells:

 Your Spells              Type           Power        Failure   Level  Hunger
a - Infusion              Chrm           ##..         4%          1    ##.....
b - Song of Slaying       Chrm           ##......     7%          2    ###....
c - Shroud of Golubria    Chrm/Tloc      #.........   19%         2    ###....


Dungeon Overview and Level Annotations

Branches:
Dungeon (3/15)

Altars:


Message History

You hit the orc.
You kill the orc!
You hit the orc.
The orc is severely wounded.
The orc hits you with a flail.
You closely miss the orc.
The orc is severely wounded.
The orc hits you but does no damage.
Casting: Song of Slaying
Confirm with . or Enter, or press ? or * to list all spells.
You begin infusing your attacks with magical energy.
You closely miss the orc.
The orc is severely wounded.
The orc hits you with a flail.
* * * LOW HITPOINT WARNING * * *
You puncture the orc!
You kill the orc!
The orc priest calls down the wrath of Beogh upon you.
Beogh smites you!
You die...

## .. # #. #.#.
#.#o## ## #..#.## ##.
##...#### ...####..
#...go)@+ ...'.....
#.####...####
..####). #.......##
##. ######.## . #####
#.# ... #....
#.##########'# #.###
#.##.......#.# #.# #
#.##.#####.#.######.#
#.##.#...#.......##.#


You could see an orc priest and a goblin.

Vanquished Creatures
  2 orc priests (D:3)
  An orc wizard (D:3)
  5 adders (D:2)
  A worm (D:2)
  2 dart slugs
  3 leopard geckos
  5 orcs (D:3)
  4 giant cockroaches
  6 goblins
  2 hobgoblins
  5 jackals (D:1)
  3 kobolds
  A quokka (D:3)
  A ball python (D:1)
  4 bats
  2 frilled lizards (D:2)
  3 rats
50 creatures vanquished.

Notes
Turn   | Place    | Note
-------+----------+-------------------------------------------
     0 | D:1      | Ordine the Merfolk Skald began the quest for the Orb.
     0 | D:1      | Reached XP level 1. HP: 16/16 MP: 3/3
   241 | D:1      | Reached XP level 2. HP: 4/22 MP: 0/5
   574 | D:1      | Learned a level 2 spell: Song of Slaying
   577 | D:1      | Learned a level 2 spell: Shroud of Golubria
   696 | D:1      | Reached skill level 4 in Polearms
  1086 | D:2      | Reached XP level 3. HP: 25/27 MP: 6/6
  1338 | D:2      | Reached skill level 5 in Polearms
  1566 | D:2      | Reached XP level 4. HP: 29/33 MP: 7/7
  2291 | D:3      | Reached skill level 6 in Polearms
  2291 | D:3      | Reached XP level 5. HP: 15/38 MP: 5/8
  2802 | D:3      | Killed from afar by an orc priest

Vault maps used:
D:1:      wheals_arrival_shading, minmay_misc_feat_x
D:2:      grunt_decor_one_mirror
D:3:      marbit_many_paths, minmay_checkerbox

Skill      XL: |  1  2  3  4 |
---------------+-------------+-----
Polearms       | 4 5 6 |  6.9
Charms         | 4 |  4.8
Fighting       | |  2.1
Armour         | |  0.6
Dodging        | |  2.6
Spellcasting   | |  2.0

Action                   |  1- 3 |  4- 6 || total
-------------------------+-------+-------++-------
Melee: Spear             |   124 |    96 ||   220
 Cast: Infusion          |     1 |     1 ||     2
       Song of Slaying   |       |     2 ||     2
  Use: Scroll            |     6 |     7 ||    13
       Potion            |       |     1 ||     1
 Stab: Sleeping          |     4 |     1 ||     5
  Eat: Chunk             |     2 |     3 ||     5
Armor: Leather armour    |    21 |    28 ||    49
Dodge: Dodged            |    76 |    32 ||   108
